 Dungeon Crawl Stone Soup version 0.31-a0-819-gf6de2f5ab6 (webtiles) character file.

Game seed: 11802294765714855210

37 qw the Shooter (level 3, -1/22 HPs)
             Began as a Gargoyle Hunter on Sept 23, 2023.
             Slain by a goblin
             ... wielding a +0 dagger
             ... led by Robin
              (2 damage)
             ... on level 2 of the Dungeon.
             The game lasted 00:00:22 (808 turns).

qw the Shooter (Gargoyle Hunter)                     Turns: 808, Time: 00:00:23

Health: -1/22      AC:  8    Str: 14    XL:     3   Next: 39%
Magic:  3/3        EV: 11    Int:  9    God:
Gold:   46         SH:  0    Dex: 15    Spells: 2/2 levels left

rFire   . . .        Y - +0 shortbow
rCold   . . .        (shield currently unavailable)
rNeg    + . .        c - +0 leather armour
rPois   inf          d - +0 helmet
rElec   +            (no cloak)
rCorr   .            j - +0 pair of gloves
SInv    .            (no boots)
Will    .....        (no amulet)
Stlth   ++           (no ring)
HPRegen 0.23/turn    (no ring)
MPRegen 0.08/turn

%: no passive effects
@: no status effects
A: sickness immunity, AC +3, negative energy resistance 1, electricity
resistance, torment resistance 1, petrification resistance
a: no special abilities


You were on level 2 of the Dungeon.
You visited 1 branch of the dungeon, and saw 2 of its levels.

You collected 46 gold pieces.


Innate Abilities, Weirdness & Mutations

You are immune to sickness and miasma.
Your stone body is resilient. (AC +3)
You are immune to poison.
You resist negative energy. (rN+)
You are resistant to electric shocks. (rElec)
You are resistant to unholy torment.
You are immune to petrification.


   Skills:
 + Level 2.5 Fighting
 - Level 5.0 Ranged Weapons
 - Level 1.5 Dodging
 - Level 1.1 Stealth


You had 2 spell levels left.
You didn't know any spells.
Your spell library was empty.

Inventory:

Hand Weapons
 Y - a +0 shortbow (weapon)
Armour
 c - a +0 leather armour (worn)
 d - a +0 helmet (worn)
 j - a +0 pair of gloves (worn)
Potions
 e - a potion of enlightenment {unknown}
 k - a potion of curing

Dungeon Overview and Level Annotations

Branches:
Dungeon (2/15)

Altars:

Annotations:
D:2 Robin


Message History

The goblin shouts!
The hobgoblin hits you but does no damage.
The goblin closely misses you.
A goblin comes into view. It is wielding a +0 club.
Robin throws the goblin at you! The goblin closely misses you.
The hobgoblin hits you but does no damage.
You shoot an arrow. The arrow barely misses the hobgoblin.
The hobgoblin barely misses you.
A kobold comes into view. It is wielding a +0 short sword.
The goblin hits you but does no damage.
You shoot an arrow. The kobold shouts!
The arrow hits the hobgoblin.
The hobgoblin is almost dead.
Robin hits you with a +2 spectral club. The hobgoblin hits you.
The goblin hits you with a +0 dagger.
You shoot an arrow. The arrow barely misses the hobgoblin.
The hobgoblin hits you. Robin hits you with a +2 spectral club.
The goblin hits you with a +0 dagger.
You shoot an arrow. The arrow barely misses the hobgoblin.
The hobgoblin misses you. Robin hits you with a +2 spectral club.
A goblin comes into view. It is wielding a +0 club.
The goblin hits you but does no damage.
The hobgoblin hits you but does no damage.
Robin closely misses you. The goblin hits you but does no damage.
The goblin moves out of view.
You shoot an arrow. The arrow barely misses the hobgoblin.
The hobgoblin closely misses you. The goblin barely misses you.
Robin barely misses you.
You shoot an arrow. The arrow barely misses the hobgoblin.
The hobgoblin barely misses you. Robin hits you with a +2 spectral club.
The goblin hits you but does no damage.
A goblin comes into view. It is wielding a +0 club.
You shoot an arrow. The arrow closely misses the hobgoblin.
The goblin no longer looks unusually strong.
The hobgoblin hits you but does no damage.
Robin roars a battlecry!
The goblin goes into a battle-frenzy!
The goblin hits you with a +0 dagger.
You die...

.. #) .g
g## gB #g
#g## #g@#
##g###
#...#
###.## .
#..#
..#####.###
..........#
........#.#
..........#
#


You could see Robin, a giant cockroach, 2 hobgoblins and 4 goblins.

Vanquished Creatures
  A dart slug (D:1)
  An endoplasm (D:1)
  5 hobgoblins (D:1)
  4 jackals (D:1)
  2 kobolds (D:1)
  3 ball pythons (D:1)
  3 bats (D:1)
  2 frilled lizards (D:1)
  7 goblins
  A rat (D:1)
29 creatures vanquished.

Notes
Turn   | Place    | Note
-------+----------+-------------------------------------------
     0 | D:1      | qw the Gargoyle Hunter began the quest for the Orb.
     0 | D:1      | Reached XP level 1. HP: 12/12 MP: 1/1
     0 | D:1      | 0 ||| qw: Version: 0.3-a-83-gcd0e7d8
     0 | D:1      | 0 ||| qw: Game counter: 1438
     0 | D:1      | 0 ||| qw: Melee chars always use a shield: true
     0 | D:1      | 0 ||| qw: God list: Okawaru
     0 | D:1      | 0 ||| qw: Allow faded altars: false
     0 | D:1      | 0 ||| qw: Do Orc after clearing Dungeon:15 true
     0 | D:1      | 0 ||| qw: Do second Lair branch before Depths: true
     0 | D:1      | 0 ||| qw: Lair rune preference: random
     0 | D:1      | 0 ||| qw: Goals: Normal
     0 | D:1      | 0 ||| PLANNING D:1-11
   132 | D:1      | 132 ||| Stepping ~*~*~tactically~*~*~ (retreating).
   134 | D:1      | Reached XP level 2. HP: 17/17 MP: 2/2
   352 | D:1      | Reached XP level 3. HP: 21/21 MP: 3/3
   522 | D:1      | Reached skill level 5 in Ranged Weapons
   715 | D:1      | 715 ||| UPGRADING to +0 helmet.
   720 | D:1      | 720 ||| UPGRADING to +0 pair of gloves.
   725 | D:1      | 725 ||| READING scroll labelled FAPTAF GYLU.
   728 | D:1      | 728 ||| READING scroll labelled VUQAXE YTICU.
   729 | D:1      | 729 ||| READING scroll labelled KESHRO XEFI.
   730 | D:1      | 730 ||| READING scroll labelled JEFEPL QUAFUUNT.
   731 | D:1      | 731 ||| DRINKING 2 lumpy silvery potions.
   732 | D:1      | 732 ||| DROPPING scroll of butterflies.
   793 | D:2      | Noticed Robin
   807 | D:2      | HP: 1/22 [Robin/+2 spectral club (6)]
   808 | D:2      | Slain by a goblin

Levels and vault maps discovered:
D:1:      nicolae_arrival_memento_mori, layout_basic
D:2:      layout_basic, basic_altar, uniq_robin

Skill      XL: |  1  2  3 |
---------------+----------+-----
Ranged Weapons | 5 |  5.0
Fighting       | |  2.5
Dodging        | |  1.5
Stealth        | |  1.1

Action                     || total
---------------------------++-------
   Fire: Shortbow          ||    92
    Use: Scroll            ||     4
         Potion            ||     1
 Armour: Leather armour    ||    58
  Dodge: Dodged            ||    47

Table legend:
 A = Non-vault XP
 B = Vault XP
 C = Vault XP percentage of total XP
 D = Non-vault monster count
 E = Vault monster count
 F = Vault count percentage of total count
                 A         B        C        D         E       F
            +---------+---------+-------+---------+---------+-------
      Total |      47 |       6 |  11.3 |      26 |       3 |  10.3
            +---------+---------+-------+---------+---------+-------
        D:1 |      47 |       0 |   0.0 |      26 |       0 |   0.0
        D:2 |       0 |       6 | 100.0 |       0 |       3 | 100.0
            +---------+---------+-------+---------+---------+-------
